[Event "Late-Titled-Tuesday-Blitz-March-05-2024"]
[Site "Chess.com"]
[Date "2024.03.05"]
[Round "4"]
[White "giomar27"]
[Black "chucksterf10"]
[Result "1/2-1/2"]
[WhiteElo "2420"]
[BlackElo "2564"]
[TimeControl "180+1"]
[EndTime "14:36:23 PST"]
[Termination "Game drawn by repetition"]

1. Nc3 g6 2. d4 f5 3. h4 Nf6 4. h5 Nxh5 5. Rxh5 gxh5 6. e4 d6 7. Qxh5+ Kd7 8. Bc4 e6 9. exf5 c6 10. Qf7+ Qe7 11. fxe6+ Kc7 12. Nf3 d5 13. Bf4+ Kb6 14.
Na4+ Ka5 15. Bd2+ Kxa4 16. b3+ Ka3 17. Qf4 Qxe6+ 18. Ne5 Bh6 19. Bc1+ Kb4 20. Bd2+ Ka3 21. Bc1+ Kb4 22. Bd2+ Ka3 1/2-1/2

[Event "Late-Titled-Tuesday-Blitz-March-05-2024"]
[Site "Chess.com"]
[Date "2024.03.05"]
[Round "4"]
[White "toninhojit"]
[Black "s-dshubin"]
[Result "1-0"]
[WhiteElo "2511"]
[BlackElo "2323"]
[TimeControl "180+1"]
[EndTime "14:36:43 PST"]
[Termination "toninhojit won by checkmate"]

1. e4 e6 2. Nc3 d5 3. Nf3 Nf6 4. e5 Nfd7 5. d4 c5 6. Bg5 Qb6 7. dxc5 Bxc5 8. Qd2 Bxf2+ 9. Qxf2 Qxb2 10. Rd1 Qxc3+ 11. Bd2 Qc7 12. Qg3 O-O 13. Bd3 f6 14. Qh3 Nxe5 15. Qxh7+ Kf7 16. Ng5+ fxg5 17. O-O+ Ke8 18.
Rxf8+ Kxf8 19. Rf1+ Ke7 20. Bb4+ Kd7 21. Bb5+ Kd8 22. Rf8# 1-0

[Event "Late-Titled-Tuesday-Blitz-March-05-2024"]
[Site "Chess.com"]
[Date "2024.03.05"]
[Round "4"]
[White "BogdanDeac"]
[Black "zverr1"]
[Result "1-0"]
[WhiteElo "2968"]
[BlackElo "2597"]
[TimeControl "180+1"]
[EndTime "14:36:44 PST"]
[Termination "BogdanDeac won by checkmate"]

1. d4 Nf6 2. c4 g6 3. Nc3 d5 4.
Nf3 Bg7 5. e3 O-O 6. Bd2 c6 7. Rc1 Bg4 8. h3 Bxf3 9. Qxf3 e6 10. Be2 Re8 11. O-O Qd6 12. Rfd1 Nbd7 13. Be1 Rac8 14. a3 e5 15. cxd5 e4 16. Qg3 Qxg3 17. fxg3 Nxd5 18. Nxd5 cxd5 19. Bb5 Rxc1 20. Rxc1 Rd8 21.
Rc7 Nb6 22. Rxb7 Bh6 23. Kf2 Rc8 24. Bc3 Ra8 25. a4 Bf8 26. a5 Nc4 27. Bc6 Rc8 28. Bxd5 Nxb2 29. Bxb2 Rc2+ 30. Kf1 Bh6 31. Bxf7+ Kh8 32.
d5+ Bg7 33. Rb8+ Rc8 34. Rxc8# 1-0

[Event "Late-Titled-Tuesday-Blitz-March-05-2024"]
[Site "Chess.com"]
[Date "2024.03.05"]
[Round "4"]
[White "WPWPWP-2015"]
[Black "titomagno_64"]
[Result "1-0"]
[WhiteElo "2490"]
[BlackElo "2304"]
[TimeControl "180+1"]
[EndTime "14:36:47 PST"]
[Termination "WPWPWP-2015 won by resignation"]

1. d4 Nf6 2. c4 g6 3. Nc3 d5 4.
Nf3 Bg7 5. Qb3 dxc4 6. Qxc4 O-O 7. e4 Nc6 8. Be2 Bg4 9. Be3 Nd7 10. O-O Nb6 11. Qd3 Bxf3 12. Bxf3 Nxd4 13. Bg4 c6 14.
Rad1 e5 15. f4 c5 16. f5 gxf5 17. exf5 Qh4 18. Qe4 Nc4 19. g3 Qd8 20. f6 Bxf6 21. Nd5 Bg7 22. Bh6 f5 23. Bxf5 Nxf5 24. Bxg7 Nxg7 25.
Nf6+ Rxf6 26. Rxd8+ Rxd8 27. Rxf6 1-0

[Event "Late-Titled-Tuesday-Blitz-March-05-2024"]
[Site "Chess.com"]
[Date "2024.03.05"]
[Round "4"]
[White "Bugcrusher"]
[Black "janhelmer03"]
[Result "0-1"]
[WhiteElo "2525"]
[BlackElo "2407"]
[TimeControl "180+1"]
[EndTime "14:36:50 PST"]
[Termination "janhelmer03 won by resignation"]

1. e4 c5 2. Nc3 Nc6 3. Bb5 g6 4. Bxc6 bxc6 5. d3 Bg7 6. f4 c4 7. dxc4 Bxc3+ 8. bxc3 Qa5 9. Qd4 Nf6 10. e5 c5 11. Qe3 Ng4 12. Qf3 Rb8 13. Ne2 h5 14.
O-O Bb7 15. Qd3 h4 16. h3 Nh6 17. Be3 Nf5 18. Bf2 Qc7 19. Rab1 O-O 20. Rb5 Qc6 21.
Qd5 Qxb5 22. Qxf7+ Kxf7 23. cxb5 Bd5 24. Bxc5 Bc4 25.
Rf2 Bxe2 26. Rxe2 Rxb5 0-1

[Event "Late-Titled-Tuesday-Blitz-March-05-2024"]
[Site "Chess.com"]
[Date "2024.03.05"]
[Round "4"]
[White "Bykov_Egor"]
[Black "Elsa167"]
[Result "0-1"]
[WhiteElo "2586"]
[BlackElo "2894"]
[TimeControl "180+1"]
[EndTime "14:36:55 PST"]
[Termination "Elsa167 won by checkmate"]

1. e4 c5 2. Nf3 e6 3. d4 cxd4 4. Nxd4 Nf6 5. Nc3 Nc6 6. Nxc6 bxc6 7. e5 Nd5 8. Ne4 Qc7 9. f4 Rb8 10. c4 Bb4+ 11. Ke2 O-O 12. Kf3 f6 13. cxd5 cxd5 14.
Nc3 fxe5 15. Ne2 exf4 16. Nxf4 e5 17. Bd3 e4+ 18. Ke2 Rxf4 19. Bxf4 Qxf4 20. Qc1 exd3+ 21. Kd1 Qg4# 0-1

[Event "Late-Titled-Tuesday-Blitz-March-05-2024"]
[Site "Chess.com"]
[Date "2024.03.05"]
[Round "4"]
[White "picturesquecheck"]
[Black "ACollins05"]
[Result "0-1"]
[WhiteElo "2414"]
[BlackElo "2591"]
[TimeControl "180+1"]
[EndTime "14:37:05 PST"]
[Termination "ACollins05 won by resignation"]

1. e4 c5 2. Nf3 d6 3. d4 cxd4 4. Nxd4 Nf6 5. Nc3 Nc6 6. Bg5 e6 7. Qd2 a6 8. O-O-O Bd7 9. f3 Nxd4 10. Qxd4 Be7 11. Kb1 Qc7 12. h4 b5 13. Bd3 Qc5 14.
Qxc5 dxc5 15. e5 Nd5 16. Ne4 c4 17. Be2 Bc6 18. Bxe7 Kxe7 19. g3 Ne3 20. Rd6 Rac8 21. Nf2 Nf5 22. Rd2 Nxg3 23. Rg1 Nxe2 24. Rxe2 g6 25.
f4 h5 26. a3 Rhd8 27. Nh3 Rd4 28. c3 Rd3 29. Ng5 Rcd8 30. Kc2 Bf3 31. Rf2 Bg4 32.
Ne4 Bf5 33. Re1 Rh3 0-1

[Event "Late-Titled-Tuesday-Blitz-March-05-2024"]
[Site "Chess.com"]
[Date "2024.03.05"]
[Round "4"]
[White "ljuks68"]
[Black "bazar-wokzal"]
[Result "1-0"]
[WhiteElo "2428"]
[BlackElo "2560"]
[TimeControl "180+1"]
[EndTime "14:37:10 PST"]
[Termination "ljuks68 won by resignation"]

1. e4 c5 2. Nf3 d6 3. d4 cxd4 4.
Nxd4 Nf6 5. Nc3 a6 6. Bg5 e6 7. f4 Be7 8. Qf3 Qc7 9. O-O-O Nbd7 10. g4 b5 11. Bxf6 Bxf6 12. Bxb5 axb5 13. Ndxb5 Qb8 14.
Nxd6+ Kf8 15. e5 Be7 16. Nxc8 Qxc8 17. Rxd7 Rxa2 18. Nxa2 Qxd7 19. Qa8+ Qd8 20. Qxd8+ Bxd8 21. Nc3 Bb6 22. Kd2 Ke7 23. Ke2 Bd4 24. Nb5 Bc5 25. Ra1 Rb8 26. c4 f6 27. Ra6 g5 28. exf6+ Kxf6 29. f5 Bb6 30. fxe6 Kxe6 31. c5 1-0

[Event "Late-Titled-Tuesday-Blitz-March-05-2024"]
[Site "Chess.com"]
[Date "2024.03.05"]
[Round "4"]
[White "Arlo2024"]
[Black "Zadar321"]
[Result "0-1"]
[WhiteElo "2292"]
[BlackElo "2491"]
[TimeControl "180+1"]
[EndTime "14:37:16 PST"]
[Termination "Zadar321 won by resignation"]

1. e4 c5 2. Nc3 Nc6 3. g3 g6 4. Bg2 Bg7 5. d3 d6 6. Nge2 e6 7. Be3 Nd4 8. Qd2 Rb8 9. Nd1 b5 10.
Nc1 e5 11. O-O Ne7 12. c3 Ne6 13. Bh6 Bxh6 14. Qxh6 f5 15. Ne2 f4 16. Qh4 h5 17.
gxf4 g5 18. fxg5 Ng6 19. Qg3 Nef4 20. Nxf4 exf4 21. Qf3 Bg4 0-1

[Event "Late-Titled-Tuesday-Blitz-March-05-2024"]
[Site "Chess.com"]
[Date "2024.03.05"]
[Round "4"]
[White "GAO"]
[Black "Inepton_Fermion"]
[Result "1-0"]
[WhiteElo "2303"]
[BlackElo "2459"]
[TimeControl "180+1"]
[EndTime "14:37:20 PST"]
[Termination "GAO won on time"]

1. Nf3 Nf6 2. d4 b6 3. Bf4 Bb7 4. e3 e6 5. Be2 h6 6. O-O Nh5 7. Be5 d6 8. Bg3 Nxg3 9. hxg3 g6 10. c4 Bg7 11. Nc3 O-O 12. Re1 Nd7 13. Bd3 Qe7 14.
e4 e5 15. d5 a5 16. b3 Nc5 17. Bc2 Bc8 18. a3 Bg4 19. b4 axb4 20. axb4 Nd7 21.
Nb5 Nf6 22. Qd3 h5 23. Qc3 Bh6 24. Rxa8 Rxa8 25. Ra1 Rxa1+ 26. Qxa1 Qd8 27. Qa7 Ne8 28. c5 bxc5 29. bxc5 dxc5 30. Qxc5 Kg7 31. Nxe5 Be2 32. Nc6 1-0

[Event "Late-Titled-Tuesday-Blitz-March-05-2024"]
[Site "Chess.com"]
[Date "2024.03.05"]
[Round "4"]
[White "lluiss"]
[Black "1g60-1"]
[Result "0-1"]
[WhiteElo "2157"]
[BlackElo "2329"]
[TimeControl "180+1"]
[EndTime "14:37:26 PST"]
[Termination "1g60-1 won by resignation"]

1. e4 e6 2. d4 d5 3. e5 c5 4. Nf3 Nc6 5. dxc5 Bxc5 6. Bd3 Qc7 7. Qe2 Nge7 8. O-O Ng6 9. Re1 a6 10. c3 Be7 11. g3 Bd7 12. h4 Na7 13. h5 Nf8 14. h6 g6 15. Bg5 Qd8 16. Bxe7 Qxe7 17. Nd4 Nc6 18. Nd2 g5 19. N2f3 Ng6 20. Qe3 g4 21.
Nxc6 Bxc6 22. Nh2 Rg8 23. Nxg4 d4 24. Qxd4 Rd8 25. Nf6+ Kf8 26. Nxh7+ Ke8 27. Nf6+ Kf8 28. h7 Rh8 29. Qe3 Kg7 30. Nh5+ Kxh7 31. Qh6+ Kxh6 0-1

[Event "Late-Titled-Tuesday-Blitz-March-05-2024"]
[Site "Chess.com"]
[Date "2024.03.05"]
[Round "4"]
[White "NCchamp"]
[Black "Smoking_Crow"]
[Result "0-1"]
[WhiteElo "2337"]
[BlackElo "2619"]
[TimeControl "180+1"]
[EndTime "14:37:28 PST"]
[Termination "Smoking_Crow won by checkmate"]

1. d4 Nf6 2. Bg5 Ne4 3. Bf4 c5 4. f3 Nf6 5. d5 e6 6. e4 d6 7.
c4 g6 8. Nc3 exd5 9. exd5 Nh5 10.
Be3 Bg7 11. Bd3 O-O 12. Nge2 Re8 13. Qd2 Nd7 14. O-O Ne5 15. Bg5 Qb6 16. a4 Nxd3 17. Qxd3 Bf5 18. Qd2 Bd4+ 19. Nxd4 cxd4 20. Nb5 d3+ 21.
Kh1 Re2 22. Qc3 a6 23. g4 axb5 24. gxh5 Bh3 25. Rg1 Qf2 26. Be3 Bg2+ 27. Rxg2 Qxg2# 0-1

[Event "Late-Titled-Tuesday-Blitz-March-05-2024"]
[Site "Chess.com"]
[Date "2024.03.05"]
[Round "4"]
[White "ChessBrainiacOnTwitch"]
[Black "JackRodgers"]
[Result "1-0"]
[WhiteElo "2787"]
[BlackElo "2514"]
[TimeControl "180+1"]
[EndTime "14:37:28 PST"]
[Termination "ChessBrainiacOnTwitch won by resignation"]

1. Nf3 c5 2. b3 Nc6 3. Bb2 Nf6 4. e3 d5 5. Bb5 Bd7 6. O-O a6 7. Bxc6 Bxc6 8. Ne5 Rc8 9. d3 e6 10. Nd2 Bd6 11.
Ndf3 Qc7 12. Qe2 Nd7 13. Nxd7 Qxd7 14. Bxg7 Rg8 15. Be5 d4 16. e4 Ke7 17. Bg3 f6 18. e5 fxe5 19. Nxe5 Bxe5 20. Qxe5 Qd5 21. Qxd5 Bxd5 22.
Rfe1 b5 23. a4 Ra8 24. f3 Kd7 25. Kf2 Kc6 26. Re5 c4 27. dxc4 bxc4 28. bxc4 Bxc4 29. Rd1 Rad8 30. Rh5 Rg7 31. Be5 Rgd7 32. Rh4 Kc5 33.
g4 d3 34. cxd3 Bxd3 35. g5 Bf5 36. Rc1+ Kd5 37. Bf6 e5 38. Bxd8 1-0

[Event "Late-Titled-Tuesday-Blitz-March-05-2024"]
[Site "Chess.com"]
[Date "2024.03.05"]
[Round "4"]
[White "Pachonpower"]
[Black "protectiago"]
[Result "1-0"]
[WhiteElo "2286"]
[BlackElo "2065"]
[TimeControl "180+1"]
[EndTime "14:37:28 PST"]
[Termination "Pachonpower won on time"]

1. e4 e5 2. Nf3 Nc6 3. Nc3 Nf6 4.
Bc4 Bc5 5. d3 h6 6. O-O O-O 7. h3 a6 8. Re1 Re8 9. Nh4 b5 10. Bb3 Na5 11. Nf5 Nxb3 12. axb3 d5 13. Qf3 dxe4 14. Nxe4 Nxe4 15. Rxe4 Bb7 16. Bxh6 Bxe4 17.
dxe4 gxh6 18. Nxh6+ Kg7 19. Nf5+ Kf8 20. Qh5 Qf6 21. g4 Red8 22. g5 Bxf2+ 23. Kxf2 Qb6+ 24. Kf1 Ke8 25. Qh8+ Kd7 26. Rd1+ Kc6 27. Rxd8 Rxd8 28. Qxd8 Qa5 29. Ne7+ Kb7 30. Qd5+ Ka7 31. Nc6+ 1-0

[Event "Late-Titled-Tuesday-Blitz-March-05-2024"]
[Site "Chess.com"]
[Date "2024.03.05"]
[Round "4"]
[White "Gennady_Kozlov"]
[Black "TenisMaster"]
[Result "1-0"]
[WhiteElo "2701"]
[BlackElo "2873"]
[TimeControl "180+1"]
[EndTime "14:37:30 PST"]
[Termination "Gennady_Kozlov won by resignation"]

1. Nf3 d5 2. g3 Bg4 3. Bg2 Nd7 4.
O-O e6 5. d4 c6 6. c3 Bd6 7.
Re1 f5 8. Bg5 Ngf6 9. Nbd2 O-O 10. h3 Bh5 11. Qb3 Qb8 12. Nf1 Ne4 13. Bc1 a5 14.
N3d2 a4 15. Qc2 Ndf6 16. Nxe4 Nxe4 17. c4 Bg6 18. c5 Bc7 19. Qd1 Qd8 20. Bf4 Qh4 21.
gxh4 Bxf4 22. e3 Bc7 23. f4 Bd8 24. h5 Be8 25. Bxe4 fxe4 26. h6 gxh6 27. Kh2 Bg6 28.
Nd2 Bh4 29. Rg1 Bf2 30. Qg4 Rf5 31. Nf1 Bxg1+ 32. Kxg1 Kf7 33. Ng3 Rf6 34. Qh4 Rg8 35.
Kf2 Re8 36. Qxh6 e5 37. Nh5 Bxh5 38. Qxh5+ Rg6 39. f5 1-0

[Event "Late-Titled-Tuesday-Blitz-March-05-2024"]
[Site "Chess.com"]
[Date "2024.03.05"]
[Round "4"]
[White "jk13"]
[Black "dimoni64"]
[Result "1-0"]
[WhiteElo "2647"]
[BlackElo "1965"]
[TimeControl "180+1"]
[EndTime "14:37:31 PST"]
[Termination "jk13 won by checkmate"]

1. h4 c5 2. e3 d5 3. d4 Nc6 4. c3 Nf6 5. Nd2 Bg4 6. Qb3 Qb6 7. f3 Be6 8. Ne2 c4 9. Qc2 g6 10. e4 Bg7 11. Nf4 O-O 12. exd5 Nxd5 13. Nxc4 Qc7 14. Nxe6 fxe6 15. h5 b5 16. Ne3 Nxd4 17.
cxd4 Qxc2 18. Nxc2 Rac8 19. Bd3 b4 20. hxg6 hxg6 21. Bxg6 Rf6 22. Be4 Nf4 23. Bxf4 Rxf4 24. Kd2 e5 25. d5 Rf6 26. Nxb4 Rb6 27. Nd3 Bh6+ 28. Ke2 Rc2+ 29. Kf1 Be3 30. Re1 Bd4 31. Re2 Rxe2 32. Kxe2 Bxb2 33. Rb1 Bd4 34. Rxb6 axb6 35. Nb4 Kf7 36. Nc6 Kf6 37. Nxd4 exd4 38. Kd3 b5 39. Kxd4 b4 40. Kc4 b3 41. axb3 e6 42. b4 exd5+ 43. Kxd5 Ke7 44. b5 Kd8 45. Kc5 Kc8 46. b6 Kb8 47.
Bc6 Kc8 48. f4 Kb8 49. f5 Kc8 50. f6 Kb8 51. Kd6 Kc8 52. f7 Kb8 53. f8=Q# 1-0

[Event "Late-Titled-Tuesday-Blitz-March-05-2024"]
[Site "Chess.com"]
[Date "2024.03.05"]
[Round "4"]
[White "Bkmzzzzz"]
[Black "xasid81"]
[Result "0-1"]
[WhiteElo "2410"]
[BlackElo "2556"]
[TimeControl "180+1"]
[EndTime "14:37:33 PST"]
[Termination "xasid81 won by resignation"]

1. e4 a6 2. d4 e6 3. Nf3 d5 4.
exd5 exd5 5. Bd3 Bd6 6. O-O Ne7 7. c4 dxc4 8. Bxc4 O-O 9. h3 b5 10. Bb3 Bb7 11. Nc3 Nd7 12. Bg5 h6 13. Bh4 Qc8 14. Qd3 Nb6 15. Rfe1 Nf5 16. Bc2 g6 17. Bf6 Re8 18.
Be5 Nc4 19. b3 Nxe5 20. Nxe5 c5 21. dxc5 Bxe5 22. b4 Qc6 23. f3 Bd4+ 24. Kh1 Ng3+ 25. Kh2 Nf5 26. Ne4 0-1

[Event "Late-Titled-Tuesday-Blitz-March-05-2024"]
[Site "Chess.com"]
[Date "2024.03.05"]
[Round "4"]
[White "Bala-Afiada"]
[Black "cthulhuuu"]
[Result "0-1"]
[WhiteElo "1874"]
[BlackElo "2437"]
[TimeControl "180+1"]
[EndTime "14:37:33 PST"]
[Termination "cthulhuuu won by resignation"]

1. d4 Nf6 2. c4 e5 3. dxe5 Ng4 4. Nf3 Bc5 5. e3 Nc6 6. Nc3 O-O 7. a3 a5 8. Be2 Re8 9. O-O Ncxe5 10. h3 Nxf3+ 11.
Bxf3 Ne5 12. Be2 Ra6 13. Ne4 Ba7 14. Ng3 Rg6 15. b4 d6 16. Bh5 Rh6 17. e4 Qh4 18.
Bxh6 Qxg3 19. Be3 Bxe3 20. fxe3 Bxh3 21. Qe2 Bg4 22. Bxg4 Nxg4 23. Qxg4 Qxg4 24. Rf4 Qe2 25. Raf1 Qxe3+ 26. Kh1 f6 27. c5 Rxe4 28. Rxe4 Qxe4 29.
cxd6 cxd6 30. bxa5 d5 31. Rf3 d4 0-1

[Event "Late-Titled-Tuesday-Blitz-March-05-2024"]
[Site "Chess.com"]
[Date "2024.03.05"]
[Round "4"]
[White "NtcPou"]
[Black "SocoLoco"]
[Result "1-0"]
[WhiteElo "2013"]
[BlackElo "2218"]
[TimeControl "180+1"]
[EndTime "14:37:39 PST"]
[Termination "NtcPou won by resignation"]

1. e4 c5 2. Nf3 e6 3. g3 d5 4. exd5 Qxd5 5. d4 cxd4 6. Bg2 Nf6 7. O-O Be7 8. Nbd2 O-O 9. Nb3 Nc6 10. Nfxd4 Qd8 11.
Nxc6 bxc6 12. Bf4 Qb6 13. Be3 Qc7 14. c4 a5 15. Nd4 Ra6 16. Qa4 Bb7 17. Rac1 Nd7 18.
Rfd1 Nc5 19. Qc2 Rd8 20. a3 Raa8 21. b4 axb4 22. axb4 Na6 23. b5 cxb5 24. Nxb5 Qb6 25. Bxb6 Rdb8 26. Bxb7 Rxb7 27. Be3 Rc8 28. Qa4 Nc5 29.
Bxc5 Bxc5 30. Nd6 Ra7 31. Qxa7 1-0

[Event "Late-Titled-Tuesday-Blitz-March-05-2024"]
[Site "Chess.com"]
[Date "2024.03.05"]
[Round "4"]
[White "KNVB"]
[Black "Msb2"]
[Result "0-1"]
[WhiteElo "2807"]
[BlackElo "3002"]
[TimeControl "180+1"]
[EndTime "14:37:40 PST"]
[Termination "Msb2 won on time"]

1. d4 d5 2. Bf4 e6 3. e3 c5 4.
c3 Nc6 5. Nd2 Bd6 6. Bg3 Nge7 7.
Ngf3 cxd4 8. exd4 O-O 9. Bd3 f6 10. Bxd6 Qxd6 11. O-O e5 12. dxe5 fxe5 13. Re1 Qf6 14.
Qe2 e4 15. Nxe4 dxe4 16. Qxe4 Bf5 17. Bc4+ Kh8 18. Qe3 Ng6 19. Ng5 h6 20. Nf7+ Rxf7 21. Bxf7 Qxf7 22. b3 Rf8 23. c4 Nge5 24. h3 Bg6 25.
Rad1 Nd3 26. Re2 Nf4 27. Red2 Qf6 28. Kh2 Kh7 29. Rd6 Qf5 30. Rd7 Ne5 31. Rxb7 Qh5 0-1

[Event "Late-Titled-Tuesday-Blitz-March-05-2024"]
[Site "Chess.com"]
[Date "2024.03.05"]
[Round "4"]
[White "Goryachkina"]
[Black "OrtizAnahi2001"]
[Result "1-0"]
[WhiteElo "2712"]
[BlackElo "2538"]
[TimeControl "180+1"]
[EndTime "14:37:40 PST"]
[Termination "Goryachkina won by resignation"]

1. e4 e5 2. Nf3 Nc6 3. Nc3 Nf6 4. h3 Bc5 5. Nxe5 Nxe5 6. d4 Bxd4 7.
Qxd4 d6 8. Bf4 Ng6 9. Bg5 Ne5 10. O-O-O O-O 11. f4 Nc6 12. Qf2 h6 13. Bh4 Bd7 14.
Bb5 Re8 15. Rhe1 Ne7 16. e5 Bxb5 17. exf6 Ng6 18. Nxb5 Rxe1 19. Rxe1 Qd7 20. Nc3 Qf5 21. fxg7 b5 22. g4 Qxf4+ 23. Qxf4 Nxf4 24. Bf6 1-0

[Event "Late-Titled-Tuesday-Blitz-March-05-2024"]
[Site "Chess.com"]
[Date "2024.03.05"]
[Round "4"]
[White "morte-negra"]
[Black "Qvalda"]
[Result "0-1"]
[WhiteElo "2059"]
[BlackElo "2438"]
[TimeControl "180+1"]
[EndTime "14:37:42 PST"]
[Termination "Qvalda won by resignation"]

1. e4 e6 2. d4 d5 3. e5 c5 4.
c3 Nc6 5. Nf3 Nge7 6. Bd3 cxd4 7.
O-O dxc3 8. Nxc3 a6 9. Re1 Bd7 10. Bg5 Rc8 11. a3 h6 12. Bh4 g5 13. Bg3 Ng6 14. Bxg6 fxg6 15. Qd3 Kf7 16. Nxd5 exd5 17. e6+ Bxe6 18. Rxe6 Kxe6 19. Qxg6+ Kd7 20. Qf5+ Ke8 21. Re1+ Be7 22. Bd6 Qxd6 23. Qxc8+ Nd8 24. Nd4 Kf7 25. Nf5 Qc6 26. Rxe7+ Kf6 27. Rc7 Qe6 28. Qxe6+ Nxe6 0-1

[Event "Late-Titled-Tuesday-Blitz-March-05-2024"]
[Site "Chess.com"]
[Date "2024.03.05"]
[Round "4"]
[White "igorkovalenko"]
[Black "TheCavemanChess"]
[Result "0-1"]
[WhiteElo "2929"]
[BlackElo "2739"]
[TimeControl "180+1"]
[EndTime "14:37:48 PST"]
[Termination "TheCavemanChess won by resignation"]

1. e4 c5 2. Nc3 Nc6 3. Bb5 Nd4 4. a4 e6 5. Nge2 a6 6. Bc4 Qc7 7. d3 Nf6 8. Nxd4 cxd4 9. Ne2 d5 10.
exd5 exd5 11. Bb3 Bc5 12. h3 O-O 13. O-O Re8 14. Bg5 Qe5 15. Bxf6 Qxf6 16. Ng3 Be6 17. f4 Rad8 18. Qf3 Bc8 19. Rfe1 Re3 20. Rxe3 dxe3 21. Bxd5 Qxb2 22. Re1 Qxc2 23. Bc4 Qf2+ 24. Kh2 Qxe1 25.
Ne4 Be7 26. Qh5 g6 27. Qe5 Qb4 28. f5 Bxf5 29. Nf6+ Bxf6 30. Qxf6 Qd6+ 0-1

[Event "Late-Titled-Tuesday-Blitz-March-05-2024"]
[Site "Chess.com"]
[Date "2024.03.05"]
[Round "4"]
[White "Pelusiansky"]
[Black "ameetghasi100"]
[Result "0-1"]
[WhiteElo "2564"]
[BlackElo "2768"]
[TimeControl "180+1"]
[EndTime "14:37:51 PST"]
[Termination "ameetghasi100 won on time"]

1. d4 g6 2. c4 Bg7 3. Nc3 d6 4. e4 a6 5. Nge2 c6 6. a4 a5 7.
Ng3 h5 8. Be2 Qb6 9. d5 Na6 10.
O-O Nc5 11. Ra3 h4 12. Nh1 Nf6 13. Qc2 h3 14. g3 Ng4 15. Nd1 cxd5 16. cxd5 Bd7 17.
Bxg4 Bxg4 18. Ne3 Bd7 19. Nc4 Qa6 20. Be3 Rc8 21. b3 O-O 22. Rc1 b5 23. axb5 Qxb5 24.
Rxa5 Qb4 25. Bxc5 Rxc5 26. Rxc5 Qxc5 27. Qd3 Rb8 28. Rb1 Rb4 29. Kf1 Bb5 30. Rc1 Qa7 31.
f3 Qa2 32. Nf2 Rxb3 33. Qc2 Rb2 0-1

[Event "Late-Titled-Tuesday-Blitz-March-05-2024"]
[Site "Chess.com"]
[Date "2024.03.05"]
[Round "4"]
[White "MagnusCarlsen"]
[Black "baag"]
[Result "1-0"]
[WhiteElo "3258"]
[BlackElo "2849"]
[TimeControl "180+1"]
[EndTime "14:37:56 PST"]
[Termination "MagnusCarlsen won on time"]

1. d4 Nf6 2. Bg5 d5 3. Nc3 Nbd7 4. e3 a6 5. f4 h6 6. Bh4 c5 7. Nf3 Qb6 8. Rb1 e6 9. a3 Ne4 10. Nxe4 dxe4 11. Ne5 cxd4 12. exd4 g5 13. Bg3 Nf6 14.
c4 Qa5+ 15. Kf2 Bd6 16. Be2 Nd7 17. b4 Qd8 18. c5 Bc7 19. Rf1 gxf4 20. Bxf4 Nxe5 21.
dxe5 Qxd1 22. Rbxd1 Bd7 23. Ke3 Bc6 24. Bh5 Rd8 25.
Rd6 Bxd6 26. exd6 Rh7 27. Be5 Kf8 28. Bg6 Rg7 29. Bxg7+ Kxg7 30. Bxe4 Bxe4 31. Kxe4 f6 32. a4 Kf7 33. b5 axb5 34. axb5 b6 35. c6 1-0

[Event "Late-Titled-Tuesday-Blitz-March-05-2024"]
[Site "Chess.com"]
[Date "2024.03.05"]
[Round "4"]
[White "Zq1"]
[Black "sonson28291"]
[Result "1-0"]
[WhiteElo "2597"]
[BlackElo "2265"]
[TimeControl "180+1"]
[EndTime "14:37:57 PST"]
[Termination "Zq1 won by resignation"]

1. d4 Nf6 2. c4 c5 3. Nf3 cxd4 4. Nxd4 a6 5. Nc3 e6 6. g3 Qc7 7. Bg2 Qxc4 8. O-O Qc7 9. Bg5 Be7 10. Rc1 Nc6 11. Nxc6 dxc6 12. e4 e5 13. h3 Be6 14.
Be3 Rd8 15. Qc2 b5 16. Nd5 Nxd5 17. exd5 Bxd5 18. Bxd5 Rxd5 19. Qxc6+ Qxc6 20. Rxc6 a5 21. Ra6 a4 22. Ra8+ Rd8 23. Ra5 Rb8 24. Ba7 Rb7 25.
Bc5 Kd7 26. Bxe7 Kxe7 27. Re1 Ke6 28. f4 f6 29. fxe5 fxe5 30. Ra6+ Kf5 31. g4+ Kf4 32. Re6 Rf8 33. Rf1+ Kg3 34. Rxf8 Re7 35. Rxe7 1-0

[Event "Late-Titled-Tuesday-Blitz-March-05-2024"]
[Site "Chess.com"]
[Date "2024.03.05"]
[Round "4"]
[White "JaackCamel"]
[Black "GrotBchess"]
[Result "0-1"]
[WhiteElo "2199"]
[BlackElo "2385"]
[TimeControl "180+1"]
[EndTime "14:37:58 PST"]
[Termination "GrotBchess won by checkmate"]

1. d4 d6 2. Nf3 Nf6 3. c4 c6 4. Nc3 Nbd7 5. e4 e5 6. Be2 Qa5 7. Bd2 Qc7 8. d5 Nc5 9. Qc2 a5 10. O-O Bg4 11. h3 Bxf3 12. Bxf3 Be7 13. b3 O-O 14. a3 Rfb8 15. b4 Ncd7 16. Rab1 axb4 17. axb4 Ra3 18. Qb2 Rba8 19. Ra1 Rxa1 20. Rxa1 Rxa1+ 21. Qxa1 h6 22. Be3 cxd5 23. cxd5 Nb6 24. Nb5 Qc4 25. Qa5 Nbd7 26. Qa8+ Kh7 27. Qxb7 Qxb4 28. Qc6 Nf8 29. Kh2 Ng6 30. Nc3 Nh4 31. Bd1 Ng6 32. f3 Qb2 33. Be2 Nh5 34. Bb5 Nhf4 35. Bxf4 Nxf4 36. Bf1 Qc1 37.
Qc4 Bh4 38. Nb5 Qe1 39. Nxd6 Bg3+ 40. Kg1 Qf2+ 41. Kh1 Nxh3 42. Nxf7 Qg1# 0-1

[Event "Late-Titled-Tuesday-Blitz-March-05-2024"]
[Site "Chess.com"]
[Date "2024.03.05"]
[Round "4"]
[White "kalxandria"]
[Black "Ducke13"]
[Result "1-0"]
[WhiteElo "2191"]
[BlackElo "2385"]
[TimeControl "180+1"]
[EndTime "14:37:59 PST"]
[Termination "kalxandria won by resignation"]

1. e4 c5 2. Nf3 d6 3. d4 cxd4 4. Nxd4 Nf6 5. Nc3 a6 6. Bc4 e6 7. a4 Be7 8. Bg5 h6 9. Be3 O-O 10. f3 Qc7 11. Ba2 Nc6 12. Qd2 Nxd4 13. Bxd4 Bd7 14. O-O Rac8 15. Kh1 b5 16. axb5 axb5 17. Bb3 b4 18. Na4 d5 19. Nb6 dxe4 20. Bxf6 Bxf6 21. Nxd7 Bxb2 22. Nxf8 exf3 23. Nxe6 fxg2+ 24. Qxg2 Qb6 25. Ra8 Rb8 26. Rxb8+ Qxb8 27. Nxg7 Bxg7 28. Rxf7 Qe5 29. Rf5+ 1-0

[Event "Late-Titled-Tuesday-Blitz-March-05-2024"]
[Site "Chess.com"]
[Date "2024.03.05"]
[Round "4"]
[White "Zavgorodniy_Sergiy"]
[Black "Hudijegszid"]
[Result "1-0"]
[WhiteElo "2624"]
[BlackElo "2350"]
[TimeControl "180+1"]
[EndTime "14:38:04 PST"]
[Termination "Zavgorodniy_Sergiy won by resignation"]

1. d4 Nf6 2. c4 e6 3. Nf3 b6 4. g3 Ba6 5. Nbd2 Bb4 6. Qc2 Bb7 7.
Bg2 Be4 8. Qd1 O-O 9. O-O Bxd2 10.
Qxd2 Nc6 11. b3 Rb8 12. Bb2 b5 13. Rac1 bxc4 14. Rxc4 Qe7 15. Rfc1 Rfc8 16. Ne1 Bxg2 17. Nxg2 Qd8 18. Nf4 Ne7 19. Qd3 Ned5 20. Nxd5 exd5 21. Ra4 Rb7 22. Ba3 Qe8 23. Ra6 c6 24. Bc5 Ra8 25. Bd6 Ne4 26. Bf4 g5 27. Be3 f6 28. f3 Nd6 29.
Bf2 Qg6 30. Qc3 Re8 31. Re1 g4 32. Qc5 f5 33. Rxa7 f4 34. Rxb7 Nxb7 35. Qa7 fxg3 36. hxg3 Nd6 37. Qxd7 gxf3 38. exf3 Rxe1+ 39. Bxe1 Qb1 40. Qxd6 Qxe1+ 41. Kg2 Qe2+ 42. Kh3 Qxf3 43. Qd8+ Kg7 44. Qd7+ Kg8 45. Qg4+ Qxg4+ 46. Kxg4 Kf7 47. Kg5 1-0

[Event "Late-Titled-Tuesday-Blitz-March-05-2024"]
[Site "Chess.com"]
[Date "2024.03.05"]
[Round "4"]
[White "CarlosjPineror"]
[Black "KuzubovYuriy"]
[Result "1-0"]
[WhiteElo "2753"]
[BlackElo "2932"]
[TimeControl "180+1"]
[EndTime "14:38:05 PST"]
[Termination "CarlosjPineror won by resignation"]

1. e4 e6 2. d3 d5 3. Nd2 Nf6 4. Ngf3 c5 5. g3 Nc6 6. Bg2 Be7 7. O-O b5 8. Re1 Bb7 9. c3 d4 10. cxd4 cxd4 11. e5 Nd5 12. h4 Rc8 13. a3 Nb6 14.
Ne4 h6 15. h5 Qc7 16. Bf4 Nd5 17. Nd6+ Bxd6 18. exd6 Qd8 19. Qd2 O-O 20. Rac1 Qd7 21.
Bxh6 gxh6 22. Qxh6 f6 23. Rxe6 Qxe6 24. Ng5 Rf7 25. Nxe6 Nd8 26. Rxc8 1-0